 Dungeon Sprint DCSS version 0.21.1-1-g345015fe64 (webtiles) character file.

10700000 Groucho the Invulnerable (level 27, -12/224 HPs)
             Began as a Halfling Fighter on Mar 30, 2018.
             Was the Champion of Makhleb.
             Killed by divine providence
             ... invoked by an observer
              (14 damage)
             ... in the Dungeon (Sprint VIII: "Arena of Blood").
             The game lasted 00:04:14 (107 turns).

Groucho the Invulnerable (Halfling Fighter)          Turns: 107, Time: 00:04:15

Health: -12/224    AC: 13    Str: 17    XL:     27
Magic:  35/54      EV: 37    Int:  6    God:    Makhleb [******]
Gold:   0          SH:  0    Dex: 27    Spells: 80/80 levels left

rFire    . . .     SeeInvis .   h - +∞ Axe of Woe
rCold    . . .     Gourm    .   (shield currently unavailable)
rNeg     . . .     Faith    .   b - +0 scale mail
rPois    .         Spirit   .   (no helmet)
rElec    .         Reflect  .   (no cloak)
rCorr    .         Harm     .   (no gloves)
MR       ++...     NoTele   +   (no boots)
Stlth    +++++++++.             (no amulet)
HPRegen  0.47/turn              (no ring)
MPRegen  0.34/turn              (no ring)

@: marked
A: small, mutation resistance 1
a: Minor Destruction, Lesser Servant of Makhleb, Major Destruction, Greater
Servant of Makhleb, Renounce Religion


You were in the Dungeon.
You worshipped Makhleb.
Makhleb was exalted by your worship.
You were not hungry.

You visited 1 branch

Inventory:

Hand Weapons
 a - a +0 war axe
 h - the +∞ Axe of Woe (weapon)
   (You found it in the Dungeon)
Armour
 b - a +0 scale mail (worn)
 c - a +0 shield
Jewellery
 m - a +250 ring of slaying
Scrolls
 k - a scroll of blinking
Potions
 d - a potion of might
 e - a potion of curing
 g - a potion of heal wounds
 i - 2 potions of magic
 j - a potion of berserk rage
Comestibles
 f - a ration


   Skills:
 O Level 27 Fighting
 O Level 27 Axes
 O Level 27 Throwing
 O Level 27 Armour
 O Level 27 Dodging
 O Level 27 Stealth
 O Level 27 Shields
 O Level 27 Unarmed Combat
 O Level 27 Spellcasting
 O Level 27 Invocations


You had 80 spell levels left.
You didn't know any spells.

Dungeon Overview and Level Annotations

Branches:
Dungeon (1/1)

Altars:
Makhleb

Annotations:
D The Servant


Innate Abilities, Weirdness & Mutations

You are small and have problems with some larger weapons.
You are somewhat resistant to further mutation.


Message History

The bag of meat convulses! x3
The meat berserker rages.
Two crawling corpses merge to form a small abomination.
The eight-headed meat hydra calls on the powers of darkness!
The eight-headed meat hydra convulses!
The bag of meat convulses! x3
The eight-headed meat hydra convulses!
The bag of meat convulses!
The meat berserker convulses!
The bag of meat convulses! x2
The meat berserker convulses!
Your body is wracked with pain!
* * * LOW HITPOINT WARNING * * *
The meat berserker convulses! x3; The eight-headed meat hydra convulses!
The bag of meat convulses! x2; The meat berserker convulses! x2
The bag of meat convulses!
The eight-headed meat hydra convulses!
The meat berserker convulses!
The large bag of meat convulses!
The bag of meat convulses! x2
The accursed points at you and mumbles some strange words.
Something smites you!
* * * LOW HITPOINT WARNING * * *
You feel something staring at you. Something smites you!
You die...

#.. ...# #.M. ..o#
. . .###..o
..o###..
Lo...o..###o§.%...
#oDX..Oo)§oxoo....
.oXOO.#.x)§o#.....


XXMo. #o§<§_# ... zXzLOO#DVxWo#Mo.o. #XOo§o2@)oOV@oW§.. Dooo.o)L###oVOWo..
Do.###.Oo Xo%###.. O #xWxoo..# o #{Oooo..# 2OzX.x..% .XXO....... ........o. You
could see 3 accurseds, 2 tentacled monstrosities, 2 meat beasts, 3 tyrants, The
Servant, 4 eight-headed meat hydras, 3 destroyers, 3 sculptors of flesh, 2 large
bags of meat, 6 large abominations, 4 dreads, 10 meat berserkers, 2 small
abominations, 32 bags of meat and 4 crawling corpses.

Vanquished Creatures
  Sigmund (D)
  11 hell beasts (D)
  Edmund (D)
  A greater mummy (D)
  A wraith (D)
  8 vampire knights (D)
  40 ogres (D)
  6 two-headed ogres (D)
  4 liches (D)
  40 orcs (D)
  A phantom (D)
  6 skeletal warriors (D)
  5 large abominations (D)
  11 small abominations (D)
  10 crawling corpses (D)
146 creatures vanquished.

Vanquished Creatures (others)
  A crawling corpse (D)
1 creature vanquished.

Grand Total: 147 creatures vanquished

Notes
Turn   | Place    | Note
-------+----------+-------------------------------------------
     0 | D        | Found the +∞ Axe of Woe
     0 | D        | Groucho the Halfling Fighter began the quest for the Orb.
     0 | D        | Reached XP level 1. HP: 15/15 MP: 1/1
     3 | D        | Noticed a bag of meat
     3 | D        | Noticed a bag of meat
     4 | D        | Noticed a bag of meat
     6 | D        | Noticed a bag of meat
     6 | D        | Noticed a bag of meat
     7 | D        | Noticed a bag of meat
    10 | D        | Became a worshipper of Makhleb the Destroyer
    12 | D        | Killed a bag of meat
    12 | D        | Reached skill level 15 in Fighting
    12 | D        | Reached XP level 2. HP: 39/39 MP: 2/2
    12 | D        | Reached XP level 3. HP: 45/45 MP: 3/3
    12 | D        | Reached XP level 4. HP: 51/51 MP: 4/4
    12 | D        | Reached XP level 5. HP: 56/56 MP: 5/5
    12 | D        | Reached XP level 6. HP: 63/63 MP: 6/6
    12 | D        | Reached XP level 7. HP: 68/68 MP: 7/7
    12 | D        | Reached XP level 8. HP: 74/74 MP: 8/8
    12 | D        | Reached XP level 9. HP: 80/80 MP: 9/9
    12 | D        | Reached XP level 10. HP: 86/86 MP: 10/10
    12 | D        | Reached XP level 11. HP: 91/91 MP: 11/11
    12 | D        | Reached XP level 12. HP: 98/98 MP: 12/12
    13 | D        | Noticed a meat berserker
    13 | D        | Killed a bag of meat
    13 | D        | Reached * piety under Makhleb
    13 | D        | Reached skill level 10 in Axes
    13 | D        | Reached XP level 13. HP: 108/108 MP: 13/13
    14 | D        | Killed a bag of meat
    14 | D        | Reached XP level 14. HP: 117/117 MP: 14/14
    15 | D        | Noticed a meat berserker
    15 | D        | Killed a bag of meat
    15 | D        | Reached XP level 15. HP: 126/126 MP: 15/15
    16 | D        | Killed a meat berserker
    16 | D        | Reached ** piety under Makhleb
    16 | D        | Reached XP level 16. HP: 136/136 MP: 16/16
    16 | D        | Killed a meat berserker
    16 | D        | Reached skill level 15 in Axes
    16 | D        | Reached skill level 27 in Armour
    16 | D        | Reached XP level 17. HP: 148/148 MP: 17/17
    18 | D        | Reached *** piety under Makhleb
    18 | D        | Reached skill level 27 in Shields
    21 | D        | Noticed a meat berserker
    22 | D        | Noticed a meat berserker
    23 | D        | Noticed a meat berserker
    23 | D        | Killed a meat berserker
    23 | D        | Reached skill level 15 in Dodging
    23 | D        | Reached XP level 18. HP: 161/161 MP: 18/18
    24 | D        | Noticed a meat berserker
    27 | D        | Noticed a meat berserker
    28 | D        | Killed a meat berserker
    28 | D        | Reached skill level 27 in Fighting
    28 | D        | Killed a meat berserker
    28 | D        | Reached **** piety under Makhleb
    28 | D        | Reached XP level 19. HP: 170/170 MP: 19/19
    29 | D        | Killed a meat berserker
    29 | D        | Reached skill level 27 in Axes
    29 | D        | Reached skill level 27 in Dodging
    29 | D        | Reached skill level 5 in Spellcasting
    29 | D        | Reached XP level 20. HP: 177/177 MP: 19/27
    36 | D        | Killed a meat berserker
    36 | D        | Reached ***** piety under Makhleb
    37 | D        | Reached XP level 21. HP: 183/183 MP: 20/41
    39 | D        | Noticed a large bag of meat
    41 | D        | Noticed a large bag of meat
    42 | D        | Reached skill level 27 in Invocations
    43 | D        | Reached XP level 22. HP: 190/190 MP: 20/49
    44 | D        | Noticed a large bag of meat
    46 | D        | Reached ****** piety under Makhleb
    47 | D        | Reached skill level 27 in Spellcasting
    50 | D        | Noticed a destroyer
    50 | D        | Noticed a large bag of meat
    52 | D        | Reached XP level 23. HP: 197/197 MP: 22/54
    53 | D        | Noticed a large bag of meat
    55 | D        | Noticed an accursed
    55 | D        | Killed a large bag of meat
    55 | D        | Reached skill level 27 in Unarmed Combat
    55 | D        | Reached skill level 15 in Throwing
    55 | D        | Reached XP level 24. HP: 199/204 MP: 22/54
    55 | D        | Killed a destroyer
    55 | D        | Killed a large bag of meat
    55 | D        | Reached skill level 27 in Throwing
    58 | D        | Killed a large bag of meat
    58 | D        | Reached XP level 25. HP: 210/210 MP: 23/54
    59 | D        | Noticed a tyrant
    59 | D        | Killed a tyrant
    59 | D        | Reached skill level 27 in Stealth
    60 | D        | Noticed a destroyer
    62 | D        | Killed a large bag of meat
    65 | D        | Reached XP level 26. HP: 217/217 MP: 24/54
    66 | D        | Killed a large bag of meat
    67 | D        | Noticed a meat beast
    68 | D        | Noticed a destroyer
    68 | D        | Noticed a tyrant
    69 | D        | Noticed a tyrant
    69 | D        | Noticed a meat beast
    69 | D        | Killed a meat beast
    69 | D        | Reached XP level 27. HP: 224/224 MP: 25/54
    71 | D        | Noticed a meat beast
    71 | D        | Killed a meat beast
    71 | D        | Killed a destroyer
    74 | D        | Killed a destroyer
    75 | D        | Killed an accursed
    75 | D        | Killed a meat beast
    76 | D        | Noticed a dread
    77 | D        | Killed a tyrant
    79 | D        | Noticed a destroyer
    80 | D        | Noticed a large bag of meat
    80 | D        | Killed a dread
    83 | D        | Killed a tyrant
    85 | D        | Noticed The Captor
    86 | D        | Killed a destroyer
    86 | D        | Killed a large bag of meat
    87 | D        | Noticed a meat beast
    88 | D        | Noticed a destroyer
    89 | D        | Noticed a meat beast
    89 | D        | Noticed a meat beast
    90 | D        | Noticed a destroyer
    90 | D        | Killed a meat beast
    91 | D        | Noticed a meat beast
    91 | D        | Noticed a meat beast
    91 | D        | Noticed a destroyer
    91 | D        | Noticed a tyrant
    92 | D        | Noticed a large bag of meat
    92 | D        | Noticed a tyrant
    92 | D        | Killed a meat beast
    92 | D        | Killed The Captor
    93 | D        | Noticed a destroyer
    93 | D        | Noticed a dread
    93 | D        | Killed a destroyer
    94 | D        | Killed a meat beast
    94 | D        | Killed a meat beast
    95 | D        | Noticed a meat beast
    95 | D        | Noticed a tyrant
    95 | D        | Noticed an accursed
    95 | D        | Noticed a dread
    95 | D        | Noticed a large bag of meat
    95 | D        | Noticed a large bag of meat
    95 | D        | Noticed a destroyer
    95 | D        | Noticed a tyrant
    95 | D        | Killed a meat beast
    96 | D        | Killed a destroyer
    97 | D        | Noticed a meat beast
    97 | D        | Noticed a meat beast
   100 | D        | Noticed an accursed
   100 | D        | Noticed a meat beast
   101 | D        | Noticed a dread
   101 | D        | Noticed The Servant
   101 | D        | Noticed an accursed
   101 | D        | Noticed a meat beast
   102 | D        | Noticed The Defiler
   102 | D        | Noticed a destroyer
   103 | D        | Noticed a dread
   103 | D        | Killed a destroyer
   104 | D        | Noticed a destroyer
   104 | D        | Killed a meat beast
   104 | D        | Killed a meat beast
   104 | D        | Killed a meat beast
   105 | D        | Killed The Defiler
   105 | D        | Killed a destroyer
   107 | D        | Noticed a destroyer
   107 | D        | Killed a tyrant
   107 | D        | HP: 2/224 [accursed/divine providence (14)]
   107 | D        | Killed from afar by an observer

Skill      XL: |  1  2  3  4  5  6  7  8  9 10 11 12 13 14 15 16 17 18 19 20 21 22 23 24 25 |
---------------+----------------------------------------------------------------------------+-----
Fighting       | 15 17 18 19 21 23 26 27 | 27.0
Axes           | 8 10 11 12 14 16 20 24 27 | 27.0
Armour         | 17 19 21 22 24 27 | 27.0
Shields        | 17 19 21 22 24 26 27 | 27.0
Dodging        | 15 25 27 | 27.0
Spellcasting   | 5 16 23 27 | 27.0
Invocations    | 7 21 27 | 27.0
Unarmed Combat | 20 27 | 27.0
Throwing       | 15 27 | 27.0
Stealth        | 25 27 | 27.0

Action                   |  1- 3 |  4- 6 |  7- 9 | 10-12 | 13-15 | 16-18 | 19-21 | 22-24 | 25-27 || total
-------------------------+-------+-------+-------+-------+-------+-------+-------+-------+-------++-------
Melee: Broad axe         |     1 |       |       |     1 |     3 |     3 |     8 |    11 |    39 ||    66
  Use: Potion            |     1 |       |       |       |       |       |       |       |       ||     1
 Stab: Distracted        |       |       |       |       |       |       |       |       |     1 ||     1
Armor: Scale mail        |       |       |       |       |       |       |       |       |     4 ||     4
Dodge: Dodged            |       |       |       |       |       |       |       |       |     4 ||     4
